 Dungeon Crawl Stone Soup version 0.23-a0-163-g800ba1ec23 (webtiles) character file.

79 Pixllover the Chopper (level 4, -1/40 HPs)
             Began as a Minotaur Berserker on Sept 9, 2018.
             Was a Believer of Trog.
             Killed by nerve-wracking pain
             ... invoked by an orc priest
              (8 damage)
             ... on level 3 of the Dungeon.
             The game lasted 00:03:59 (1198 turns).

Pixllover the Chopper (Minotaur Berserker)          Turns: 1198, Time: 00:04:01

Health: -1/40      AC: 10    Str: 23    XL:     4   Next: 16%
Magic:  3/3        EV:  9    Int:  4    God:    Trog [**....]
Gold:   128        SH:  0    Dex:  9    Spells: 3/3 levels left

rFire    . . .     SeeInvis .   a - +1 hand axe
rCold    . . .     Gourm    .   (no shield)
rNeg     . . .     Faith    .   j - +0 chain mail
rPois    .         Spirit   .   (helmet restricted)
rElec    .         Reflect  .   (no cloak)
rCorr    .         Harm     .   b - +0 pair of gloves
MR       .....                  (no boots)
Stlth    ..........             (no amulet)
HPRegen  0.13/turn              (no ring)
MPRegen  0.08/turn              (no ring)

@: lethally poisoned (-1 -> -2)
A: retaliatory headbutt, horns 2
a: Berserk, Trog's Hand, Renounce Religion


You were on level 3 of the Dungeon.
You worshipped Trog.
Trog was pleased with you.
You were not hungry.

You visited 1 branch of the dungeon, and saw 3 of its levels.

You collected 128 gold pieces.

Inventory:

Hand Weapons
 a - a +1 hand axe (weapon)
Armour
 b - a +0 pair of gloves (worn)
 j - a +0 chain mail (worn)
Scrolls
 e - a scroll of enchant armour {unknown}
 f - 2 scrolls of amnesia {unknown}
 g - a scroll of identify
 i - a scroll of magic mapping {unknown}
 k - a scroll of fear
 l - a scroll of immolation
Potions
 d - a potion of might
 h - a potion of flight {unknown}
Comestibles
 c - 2 rations
 m - 2 chunks of flesh


   Skills:
 + Level 4.3 Fighting
 + Level 5.1 Axes
 + Level 3.0 Armour
 + Level 2.4 Dodging
 + Level 0.1 Stealth


You had 3 spell levels left.
You didn't know any spells.
Your spell library was empty.

Dungeon Overview and Level Annotations

Branches:
Dungeon (3/15)

Altars:


Innate Abilities, Weirdness & Mutations

You reflexively headbutt those who attack you in melee.
You have a pair of horns on your head.


Message History

You see here a worker ant corpse.
You butcher the worker ant corpse.
m - 2 chunks of flesh You feel sick.
There is an open door here.
You open the door.
An orc priest comes into view. It is wielding a flail.
You feel sick.
The orc priest shouts!
An orc comes into view. It is wielding a mace of holy wrath.
There is an open door here.
An orc comes into view. It is wielding a whip.
An orc priest comes into view. It is wielding a whip.
The orc priest shouts!
You hear a shout!
The orc priest mumbles some strange prayers to Beogh against you.
Beogh smites you!
* * * LOW HITPOINT WARNING * * *
The orc priest mumbles some strange prayers to Beogh against you.
Pain shoots through your body!
You die...

.. #.# .. ...
.###o###
o...#.#
...#.#.#
.o#.#.#
#o#.#.##
#@#.#..
#.#.#.#
#####'#'#.#
#.........#
............#
............#
......#.#'#.#
##.####.#.#.#
... ..#.#.#


You could see 2 orc priests and 2 orcs.

Vanquished Creatures
  A worker ant (D:3)
  2 worms (D:2)
  4 dart slugs
  5 bats (D:1)
  4 goblins
  9 hobgoblins
  7 jackals (D:1)
  2 frilled lizards
  2 kobolds
  2 rats
38 creatures vanquished.

Notes
Turn   | Place    | Note
-------+----------+-------------------------------------------
     0 | D:1      | Pixllover the Minotaur Berserker began the quest for the
                  | Orb.
     0 | D:1      | Reached XP level 1. HP: 19/19 MP: 0/0
   106 | D:1      | Reached skill level 4 in Axes
   255 | D:1      | Reached XP level 2. HP: 24/27 MP: 1/1
   416 | D:1      | Reached XP level 3. HP: 33/33 MP: 2/2
   597 | D:1      | Reached ** piety under Trog
  1181 | D:3      | Reached skill level 5 in Axes
  1181 | D:3      | Reached XP level 4. HP: 25/40 MP: 3/3
  1198 | D:3      | Killed from afar by an orc priest

Vault maps used:
D:1:      onia_arrival_mini_maze_b
D:2:      first_ration
D:3:      minivault_14, nicolae_gozag_cash_rules_everything_around_me

Skill      XL: |  1  2  3 |
---------------+----------+-----
Axes           | 4 5 |  5.1
Fighting       | 4 |  4.3
Armour         | 3 |  3.0
Dodging        | |  2.4
Stealth        | |  0.1

Action                   |  1- 3 |  4- 6 || total
-------------------------+-------+-------++-------
Melee: Hand axe          |    78 |     1 ||    79
       Headbutt          |    12 |       ||    12
  Use: Scroll            |     5 |       ||     5
  Eat: Chunk             |     1 |       ||     1
Armor: Ring mail         |     8 |       ||     8
       Chain mail        |    40 |       ||    40
Dodge: Dodged            |    47 |       ||    47

Table legend:
 A = Non-vault XP
 B = Vault XP
 C = Vault XP percentage of total XP
 D = Non-vault monster count
 E = Vault monster count
 F = Vault count percentage of total count
                 A         B        C        D         E       F
            +---------+---------+-------+---------+---------+-------
      Total |     113 |       0 |   0.0 |      38 |       0 |   0.0
            +---------+---------+-------+---------+---------+-------
        D:1 |      50 |       0 |   0.0 |      25 |       0 |   0.0
        D:2 |      25 |       0 |   0.0 |      11 |       0 |   0.0
        D:3 |      38 |       0 |   0.0 |       2 |       0 |   0.0
            +---------+---------+-------+---------+---------+-------
